 Dungeon Crawl Stone Soup version 0.19-a0-1697-g0595f0e (webtiles) character file.

938 Ijustatesigmund the Vandal (level 8, -1/54 HPs)
             Began as a Halfling Hunter on Sept 26, 2016.
             Was a Believer of Okawaru.
             Slain by an orc warrior
             ... wielding a +0 scimitar
              (12 damage)
             ... on level 6 of the Dungeon.
             The game lasted 00:13:12 (4492 turns).

Ijustatesigmund the Vandal (Halfling Hunter)        Turns: 4492, Time: 00:13:13

Health: -1/54      AC:  9    Str: 13    XL:     8   Next: 34%
Magic:  10/10      EV: 17    Int: 10    God:    Okawaru [**....]
Gold:   195        SH:  0    Dex: 16    Spells: 0 memorised, 7 levels left

rFire  . . .     SeeInvis +     h - +1 rapier (freeze)
rCold  . . .     Gourm    .     e - +2 robe {MR+}
rNeg   . . .     Faith    .     (shield restricted)
rPois  .         Spirit   .     m - +1 helmet
rElec  .         Dismiss  .     v - +0 cloak {+Inv}
rCorr  +         Reflect  .     (no gloves)
MR     +....     Harm     .     k - +0 pair of boots
Stlth  +++.......               (no amulet)
                                g - ring of see invisible
                                i - ring of resist corrosion

@: no status effects
A: mutation resistance 1
a: Heroism, Renounce Religion, Evoke Invisibility


You were on level 6 of the Dungeon.
You worshipped Okawaru.
Okawaru was pleased with you.
You were not hungry.

You visited 1 branch of the dungeon, and saw 6 of its levels.

You collected 195 gold pieces.

Inventory:

Hand Weapons
 a - a +2 hunting sling
 b - a +1 short sword
 h - a +1 rapier of freezing (weapon)
Missiles
 d - 97 sling bullets
 p - 105 stones (quivered)
Armour
 c - a +0 leather armour
 e - a +2 robe of magic resistance (worn)
 k - a +0 pair of boots (worn)
 m - a +1 helmet (worn)
 o - a +0 chain mail of cold resistance
 v - a +0 cloak of invisibility (worn)
Jewellery
 g - a ring of see invisible (right hand)
 i - a ring of resist corrosion (left hand)
 w - a +3 ring of intelligence
Scrolls
 j - 2 scrolls of remove curse
 l - a scroll of enchant armour
 n - 4 scrolls of identify
 u - a scroll of teleportation
 y - 2 scrolls of recharging
 A - a scroll of fear {unknown}
 B - 2 scrolls of immolation
Potions
 s - 3 potions of curing
 x - a potion of berserk rage {unknown}
 C - a potion of mutation {unknown}
Books
 z - a book of Flames

   Spells                             Type                      Level
   a - Flame Tongue                   Conjuration/Fire             1
   b - Throw Flame                    Conjuration/Fire             2
   c - Conjure Flame                  Conjuration/Fire             3
   d - Inner Flame                    Hexes/Fire                   3
   e - Sticky Flame                   Conjuration/Fire             4
   f - Fireball                       Conjuration/Fire             5
Comestibles
 f - 4 bread rations
 q - a chunk of flesh
 r - 2 royal jellies
 t - a meat ration


   Skills:
 + Level 3.9 Fighting
 - Level 5.0 Short Blades
 - Level 5.8 Slings
 - Level 2.0 Armour
 + Level 4.5 Dodging
 - Level 5.2 Stealth
 + Level 2.7 Evocations


You had 7 spell levels left.
You didn't know any spells.

Dungeon Overview and Level Annotations

Branches:
Dungeon (6/15)             Temple (0/1) D:4

Altars:
Cheibriados
Dithmenos
Nemelex Xobeh
Okawaru
Ru


Innate Abilities, Weirdness & Mutations

You are small and have problems with some larger weapons.
You are somewhat resistant to further mutation.


Message History

The orc warrior is almost dead.
The orc barely misses you. The orc closely misses you.
The orc warrior barely misses you.
You barely miss the orc warrior.
The orc warrior is severely wounded.
The orc closely misses you. The orc barely misses you.
You hit the orc warrior but do no damage.
The orc warrior is severely wounded.
The orc warrior closely misses you. The orc hits you but does no damage.
You barely miss the orc warrior.
The orc warrior is severely wounded.
The orc misses you.
The worker ant zombie waves its antennae.
The orc warrior hits you with a scimitar!
You closely miss the orc warrior.
The orc warrior is severely wounded.
The orc hits you but does no damage. The orc hits you with a morningstar!
* * * LOW HITPOINT WARNING * * *
The orc warrior hits you with a scimitar!
You die...

#..........#
#.........(#..
#..........#..
#.........(#.
##..........(.
#...........Z# ##
#.####.####oo# <#
#.##.....##oo# (#
#.#.......#o@# .#
#.#.......#..# )#
#..[.._.....##
.####.#.......#.#
......#.......#.#
####..##.....##.#
#..####.####.#
#......... ..#
#........#####


You could see an orc warrior, 4 orcs and a worker ant zombie.

Vanquished Creatures
  Sigmund (D:3)
  An ice beast (D:5)
  An ogre (D:4)
  A centaur (D:6)
  2 scorpions (D:5)
  A bullfrog zombie (D:5)
  2 crimson imps (D:5)
  A hound (D:4)
  A jelly (D:6)
  2 orc wizards (D:6)
  Crazy Yiuf (D:3)
  Ijyb (D:3)
  A worker ant (D:4)
  4 adders
  An ooze (D:2)
  An adder zombie (D:5)
  An adder skeleton (D:4)
  2 worms (D:2)
  A dart slug (D:1)
  6 leopard geckos
  4 orcs
  5 bats
  5 giant cockroaches
  3 goblins
  5 hobgoblins
  3 jackals (D:1)
  6 kobolds
  3 quokkas
  3 frilled lizards
  6 rats
75 creatures vanquished.

Notes
Turn   | Place    | Note
-------+----------+-------------------------------------------
     0 | D:1      | Ijustatesigmund the Halfling Hunter began the quest for the Orb.
     0 | D:1      | Reached XP level 1. HP: 14/14 MP: 1/1
    93 | D:1      | Reached XP level 2. HP: 19/19 MP: 2/2
   177 | D:1      | Reached skill level 1 in Short Blades
   182 | D:1      | Found an iron altar of Okawaru.
   188 | D:1      | Became a worshipper of Warmaster Okawaru
   576 | D:1      | Reached XP level 3. HP: 15/24 MP: 3/3
  1115 | D:2      | Reached XP level 4. HP: 29/29 MP: 4/4
  1513 | D:3      | Noticed Sigmund
  1565 | D:3      | Killed Sigmund
  1565 | D:3      | Reached * piety under Okawaru
  1565 | D:3      | Reached XP level 5. HP: 34/34 MP: 5/5
  1565 | D:3      | Reached XP level 6. HP: 39/39 MP: 6/6
  1773 | D:3      | Found a snail-covered altar of Cheibriados.
  1775 | D:3      | Found a shadowy altar of Dithmenos.
  1913 | D:3      | Found a runed door.
  1987 | D:3      | Noticed Ijyb
  2003 | D:3      | Reached skill level 5 in Stealth
  2013 | D:3      | Killed Ijyb
  2013 | D:3      | Reached skill level 5 in Short Blades
  2171 | D:3      | Found a sacrificial altar of Ru.
  2385 | D:3      | Noticed Crazy Yiuf
  2398 | D:3      | Killed Crazy Yiuf
  2854 | D:4      | Found a staircase to the Ecumenical Temple.
  2889 | D:4      | Noticed an ogre
  2905 | D:4      | Killed an ogre
  2905 | D:4      | Reached skill level 1 in Armour
  2905 | D:4      | Reached XP level 7. HP: 38/45 MP: 7/7
  3755 | D:5      | Entered Level 5 of the Dungeon
  3930 | D:5      | Reached ** piety under Okawaru
  3930 | D:5      | Reached skill level 1 in Evocations
  4164 | D:5      | Reached XP level 8. HP: 39/52 MP: 9/9
  4443 | D:6      | Found a sparkling altar of Nemelex Xobeh.
  4492 | D:6      | Slain by an orc warrior

Vault maps used:
D:1:      matt_arrival_grand_opening, serial_bayou_pond_e,
          okawaru_ov_weapons_minmay
D:2:      lemuel_upstairs_altar, minmay_distorted
D:3:      nicolae_ru_the_path_less_chosen, gammafunk_temple_overflow_pools,
          first_bread, uniq_iyjb, uniq_crazy_yiuf_cottage, uniq_sigmund
D:4:      minivault_14, hangedman_decor_opposing
D:6:      old_standard_altar, glass_columns_a, wad_floor_pattern_untrapped,
          makhleb_altar_promises_db, uniq_menkaure, uniq_grinder,
          uniq_blork_the_orc

Skill      XL: |  1  2  3  4  5  6  7 |
---------------+----------------------+-----
Short Blades   | 2 4 5 |  5.0
Stealth        | 2 3 4 5 |  5.2
Fighting       | 2 3 |  3.9
Armour         | 1 2 |  2.0
Dodging        | 4 |  4.5
Evocations     | 2 |  2.7
Slings         | |  5.8

Action                   |  1- 3 |  4- 6 |  7- 9 || total
-------------------------+-------+-------+-------++-------
Melee: Short sword       |    64 |   173 |    98 ||   335
       Rapier            |       |       |    23 ||    23
 Fire: Hunting sling     |    26 |     4 |    23 ||    53
  Use: Scroll            |     6 |     8 |       ||    14
       Potion            |       |     2 |       ||     2
 Stab: Sleeping          |     2 |     1 |     7 ||    10
  Eat: Chunk             |       |     6 |       ||     6
       Pizza             |       |       |     1 ||     1
       Beef jerky        |       |       |     1 ||     1
       Fruit             |       |       |     4 ||     4
Armor: Leather armour    |    13 |       |       ||    13
       Chain mail        |     2 |    83 |       ||    85
       Skin              |       |     6 |       ||     6
       Robe              |       |       |    26 ||    26
Dodge: Dodged            |    67 |    71 |    86 ||   224
